 Dungeon Crawl Stone Soup version 0.21.1-1-g345015f (webtiles) character file.

183 iamserjio the Ducker (level 5, 0/37 HPs)
             Began as an Octopode Monk on Apr 6, 2018.
             Killed from afar by an orc wizard (8 damage)
             ... with a magic dart
             ... on level 4 of the Dungeon.
             The game lasted 00:08:13 (2718 turns).

iamserjio the Ducker (Octopode Monk)                Turns: 2718, Time: 00:08:14

Health: 0/37       AC:  1    Str:  8 (10) XL:     5   Next: 62%
Magic:  5/5        EV: 15    Int: 11 (12) God:
Gold:   89         SH:  4    Dex: 14 (16) Spells: 4/4 levels left

rFire    . . .     SeeInvis .   d - +2 short sword (venom)
rCold    . . .     Gourm    .   (no shield)
rNeg     . . .     Faith    .   (helmet restricted)
rPois    .         Spirit   .   (no amulet)
rElec    .         Reflect  .   (no ring)
rCorr    .         Harm     .   (no ring)
MR       .....                  (no ring)
Stlth    ++++......             (no ring)
HPRegen  0.12/turn              (no ring)
MPRegen  0.09/turn              (no ring)
                                (no ring)
                                (no ring)

@: lethally poisoned (0 -> -4), hasted, very quick
A: almost no armour, stealthy swim, amphibious, 8 rings, constrict 8, large bone
plates 1, camouflage 1, blurry vision 2, gelatinous body 1, MP-powered wands
a: no special abilities


You were on level 4 of the Dungeon.
You were hungry.

You visited 1 branch of the dungeon, and saw 4 of its levels.

You collected 89 gold pieces.

Inventory:

Hand Weapons
 a - a +0 short sword
 d - a +2 short sword of venom (weapon)
 f - a +0 long sword
Jewellery
 o - an uncursed amulet of the gourmand {unknown}
Scrolls
 c - 4 scrolls of teleportation
 h - 2 scrolls of identify {unknown}
 i - 3 scrolls of immolation
 k - a scroll of noise {unknown}
 m - a scroll of enchant weapon {unknown}
 n - a scroll of magic mapping {unknown}
 p - a scroll of amnesia {unknown}
 q - a scroll of fear {unknown}
Comestibles
 b - 7 rations
 l - 2 chunks of flesh


   Skills:
 + Level 4.0 Fighting
 - Level 3.1 Short Blades
 * Level 4.7 Dodging
 + Level 4.5 Stealth


You had 4 spell levels left.
You didn't know any spells.

Dungeon Overview and Level Annotations

Branches:
Dungeon (4/15)
 Temple: D:4-7

Altars:
Cheibriados
The Shining One


Innate Abilities, Weirdness & Mutations

You cannot wear most types of armour.
You are very stealthy in the water. (Stealth+)
You are amphibious.
You can wear up to eight rings at the same time.
You can use your tentacles to constrict eight enemies at once.
Your skin changes colour to match your surroundings (Stealth+).
Your rubbery body absorbs attacks. (AC +1, EV +1)
You are partially covered in large bone plates. (SH +4)
Scrolls take you longer to read.
You expend magic power (3 MP) to strengthen your wands.


Message History

There was something very wrong with that liquid.
You feel weakened.
You feel dopey.
You feel clumsy.
You feel sick.
It was a potion of haste.
You feel yourself speed up. Something hits you.
* * * LOW HITPOINT WARNING * * *
It was a potion of magic.
Magic courses through your body.
You feel sick.
You hear some strange, mumbled words.
Something tries to affect you, but you resist.
The orc hits you.
* * * LOW HITPOINT WARNING * * *
You hit the orc. You grab the orc.
The orc is moderately wounded.
You constrict the orc, but do no damage.
You hit the orc but do no damage.
The orc is poisoned.
The orc is moderately wounded.
You constrict the orc. You block the orc's attack.
You hear some strange, mumbled words.
A magic dart appears from out of thin air!
The magic dart hits you!
You die...

#.....## #.# ##.....# #..#
#######
#......##..#######.....##
#......#..##............#
##.......##.............##
#......###..............#
#..#..o##...............#
######.##...............#
#†#@................
#.o.................
##.#................
#.##...............
#..##..............
##.###.............
#.####...........# ##.#
##........### #.##
###.....##


You could see an orc.

Vanquished Creatures
  A scorpion (D:4)
  3 adders
  2 oozes
  4 dart slugs
  A worm (D:3)
  2 leopard geckos
  2 orcs
  5 giant cockroaches
  7 goblins
  9 hobgoblins
  5 jackals
  9 kobolds
  3 ball pythons
  14 bats
  5 frilled lizards
  9 rats
81 creatures vanquished.

Notes
Turn   | Place    | Note
-------+----------+-------------------------------------------
     0 | D:1      | iamserjio the Octopode Monk began the quest for the Orb.
     0 | D:1      | Reached XP level 1. HP: 16/16 MP: 1/1
    25 | D:1      | Reached XP level 2. HP: 12/21 MP: 2/2
   517 | D:1      | Reached XP level 3. HP: 25/26 MP: 3/3
  1099 | D:2      | Reached XP level 4. HP: 18/31 MP: 4/4
  1840 | D:2      | Found a faded altar of an unknown god.
  2186 | D:2      | Found a snail-covered altar of Cheibriados.
  2510 | D:3      | Reached XP level 5. HP: 37/37 MP: 5/5
  2523 | D:3      | Found a glowing golden altar of the Shining One.
  2713 | D:4      | Gained mutation: Scrolls take you a little longer to read. [potion of mutation]
  2713 | D:4      | Gained mutation: Scrolls take you longer to read. [potion of mutation]
  2713 | D:4      | Gained mutation: You expend magic power (3 MP) to strengthen your wands. [potion of mutation]
  2713 | D:4      | Gained mutation: You are partially covered in large bone plates. (SH +4) [potion of mutation]
  2718 | D:4      | Killed from afar by an orc wizard

Skill      XL: |  1  2  3  4  5 |
---------------+----------------+-----
Stealth        | 3 4 |  4.5
Dodging        | 4 |  4.7
Fighting       | 4 |  4.0
Short Blades   | |  3.1

Action                   |  1- 3 |  4- 6 || total
-------------------------+-------+-------++-------
Melee: Short sword       |    76 |    60 ||   136
       Tentacles         |    12 |    10 ||    22
       Constrict         |    17 |    16 ||    33
  Use: Scroll            |       |     2 ||     2
       Potion            |       |     4 ||     4
 Stab: Sleeping          |    12 |    11 ||    23
  Eat: Chunk             |     1 |     4 ||     5
Armor: Skin              |     5 |     2 ||     7
Dodge: Dodged            |    50 |    38 ||    88
Block: Other             |       |     1 ||     1
